 Dungeon Crawl Stone Soup version 0.17-a0-1510-gb3fb22e (webtiles) character file.

5996 urechis the Slicer (level 11, -11/73 HPs)
             Began as a Kobold Berserker on July 11, 2015.
             Was a Priest of Trog.
             Mangled by a black mamba (16 damage)
             ... on level 11 of the Dungeon.
             The game lasted 00:35:57 (12280 turns).

urechis the Slicer (Kobold Berserker)              Turns: 12280, Time: 00:35:57

Health: -11/73     AC:  8    Str: 17    XL:     11   Next: 10%
Magic:  11/11      EV: 13    Int:  5    God:    Trog [***...]
Gold:   686        SH:  0    Dex: 21    Spells: 0 memorised, 10 levels left

rFire  . . .     SeeInvis .     a - +0 rapier
rCold  . . .     Clarity  .     E - +1 robe of Honour {+Blink Dex+3}
rNeg   . . .     SustAt   .     (shield restricted)
rPois  .         Gourm    .     r - +2 helmet
rElec  .         Spirit   .     B - +0 cloak
rCorr  .         Warding  .     f - +0 pair of gloves
rMut   .         Stasis   .     (no boots)
MR     ++...                    (no amulet)
Stlth  ++++++....               (no ring)
                                (no ring)

@: lethally poisoned (-11 -> -12), exhausted, regenerating, slowed, constricted,
very slow, very resistant to hostile enchantments, very stealthy
A: carnivore 3
a: Burn Spellbooks, Berserk, Trog's Hand, Renounce Religion, Evoke Blink


You were on level 11 of the Dungeon.
You worshipped Trog.
Trog was most pleased with you.
You were full.

You visited 1 branch of the dungeon, and saw 11 of its levels.
You also visited: Sewer.

You collected 686 gold pieces.

Inventory:

Hand weapons
 a - a +0 rapier (weapon)
 b - a +0 blowgun
Missiles
 t - 9 poisoned needles
 D - 4 exploding tomahawks (quivered)
Armour
 f - a +0 pair of gloves (worn)
 r - a +2 helmet (worn)
 y - a troll hide
 B - a +0 cloak (worn)
 E - the +1 robe of Honour (worn) {+Blink Dex+3}
   (You found it on level 8 of the Dungeon)

   It affects your dexterity (+3).
   It lets you blink.
Magical devices
 h - a wand of disintegration (6)
Scrolls
 d - 8 scrolls of teleportation {unknown}
 i - 6 scrolls of identify {unknown}
 j - a scroll of magic mapping {unknown}
 l - a scroll of fear {unknown}
 m - 4 scrolls of remove curse {unknown}
 n - 2 scrolls of immolation {unknown}
 s - 4 scrolls of enchant weapon {unknown}
 w - a scroll of enchant armour {unknown}
 x - 4 scrolls of blinking {unknown}
Potions
 e - a potion of invisibility {unknown}
 k - 2 potions of magic {unknown}
 o - 3 potions of curing
 q - a potion of cancellation {unknown}
 u - 3 potions of mutation {unknown}
 v - a potion of agility {unknown}
 z - a potion of berserk rage {unknown}
 A - a potion of ambrosia {unknown}
Comestibles
 c - 6 meat rations
 g - a royal jelly
 p - a beef jerky
 F - a slice of pizza


   Skills:
 + Level 10.7 Fighting
 + Level 12.4 Short Blades
 - Level 1.5 Armour
 - Level 2.4 Dodging
 - Level 12.3 Stealth


You had 10 spell levels left.
You didn't know any spells.

Dungeon Overview and Level Annotations

Branches:
Dungeon (11/15)            Temple (0/1) D:5            Lair (0/8) D:10
    Orc: D:9-12

Altars:
Ashenzari
Elyvilon
Fedhas
Kikubaaqudgha
Makhleb
Nemelex Xobeh
Ru
Trog
Yredelemnul
Zin
The Shining One

Shops:
D:9 }


Innate Abilities, Weirdness & Mutations

You are small and have problems with some larger weapons.
You are carnivorous and can eat meat at any time.


Message History

The black mamba poisons you!
Drink which item? (? for menu, Esc to quit)
You feel better. The black mamba bites you. The ball python misses you.
The ball python barely misses you. The black mamba bites you!
* * * LOW HITPOINT WARNING * * *
Use which ability? (? or * to list)
Your skin crawls.
You feel resistant to hostile enchantments.
You feel slightly less full.
You can no longer call in reinforcements.
The black mamba bites you.
* * * LOW HITPOINT WARNING * * *
You are poisoned.
The black mamba poisons you!
The ball python bites you but does no damage.
The ball python grabs you. The ball python constricts you.
The black mamba closely misses you. The ball python bites you.
* * * LOW HITPOINT WARNING * * *
The ball python constricts you. The black mamba bites you!
You die...

##.## ##+# ##.#.##
##>..## ##.###.##
##.....## #.## ##.#
##.......######..###.##
#..>......#.......#(###
+.........†...........#
#.........#†##...#.##.#
#.....S@##.##..##.##.#
##....S###.##.....##.#
#####'# #.##.###.##.#
#..# #.##..<.....#
#...## #.######.####
#.#$? #........# #.##..
########.# # .#. #.#
###+##### #.#


You could see a black mamba and a ball python.

Vanquished Creatures
  Psyche (D:8)
  A gargoyle (D:10)
  A troll (D:11)
  Prince Ribbit (D:8)
  A wyvern (D:9)
  2 yaks
  A deep elf mage (D:10)
  A hippogriff (D:8)
  3 water moccasins
  3 orc warriors
  A necrophage (D:7)
  2 ice beasts
  3 ogres
  2 phantoms
  A wasp (D:9)
  3 centaurs
  5 giant frogs
  A scorpion (D:9)
  A wyvern skeleton (D:10)
  2 electric eels (D:10)
  4 wights (D:8)
  A quasit (D:5)
  5 crimson imps
  5 killer bees (D:10)
  2 giant frog zombies
  7 hounds
  3 centaur zombies
  6 jellies
  6 orc priests
  4 iguanas
  Terence (D:2)
  4 orc wizards
  A hell rat (D:8)
  3 worker ants
  4 hound skeletons
  6 gnolls
  Robin (D:3)
  13 adders
  5 river rats (D:8)
  A worker ant zombie (D:7)
  A shadow imp (D:9)
  8 oozes
  A worm (D:3)
  16 giant geckos
  38 orcs
  15 bats
  A bat skeleton (D:4)
  17 giant cockroaches
  15 goblins
  15 hobgoblins
  2 quokkas
  16 ball pythons
  8 giant newts
  12 jackals
  9 kobolds
  44 rats
  A fungus (D:3)
337 creatures vanquished.

Vanquished Creatures (others)
  A yak (D:8)
  2 orcs (D:10)
  7 plants (D:10)
10 creatures vanquished.

Grand Total: 347 creatures vanquished

Notes
Turn   | Place    | Note
--------------------------------------------------------------
     0 | D:1      | urechis the Kobold Berserker began the quest for the Orb.
     0 | D:1      | Reached XP level 1. HP: 14/14 MP: 1/1
    66 | D:1      | Reached skill level 1 in Stealth
   198 | D:1      | Found a sparkling altar of Nemelex Xobeh.
   285 | D:1      | Reached XP level 2. HP: 9/19 MP: 2/2
   949 | D:2      | Reached XP level 3. HP: 23/23 MP: 3/3
  1126 | D:2      | Found an ancient bone altar of Kikubaaqudgha.
  1556 | D:2      | Noticed Terence
  1563 | D:2      | Killed Terence
  1563 | D:2      | Reached skill level 5 in Stealth
  1563 | D:2      | Reached XP level 4. HP: 28/28 MP: 4/4
  1771 | D:2      | Found a sacrificial altar of Ru.
  1793 | D:3      | Noticed Robin
  1803 | D:3      | Acquired Trog's second power
  1818 | D:3      | Reached skill level 6 in Stealth
  1818 | D:3      | Reached XP level 5. HP: 32/32 MP: 5/5
  1823 | D:3      | Killed Robin
  2067 | D:3      | Reached skill level 7 in Stealth
  2504 | D:3      | Reached XP level 6. HP: 37/37 MP: 6/6
  2558 | D:3      | Noticed a giant frog
  2564 | D:3      | Killed a giant frog
  2564 | D:3      | Reached skill level 8 in Stealth
  2985 | D:3      | Found a glowing silver altar of Zin.
  3535 | D:4      | Reached skill level 9 in Stealth
  3535 | D:4      | Reached XP level 7. HP: 21/41 MP: 7/7
  3771 | D:5      | Entered Level 5 of the Dungeon
  3827 | D:5      | Reached skill level 10 in Stealth
  3838 | D:5      | Found a staircase to the Ecumenical Temple.
  4149 | D:5      | Reached skill level 11 in Stealth
  4422 | D:6      | Found a shattered altar of Ashenzari.
  4504 | D:6      | Reached XP level 8. HP: 25/46 MP: 8/8
  4857 | D:6      | Found a burning altar of Makhleb.
  4958 | D:6      | Reached skill level 12 in Stealth
  5019 | D:6      | Found a glowing drain.
  5045 | Sewer    | Entered a sewer
  5147 | Sewer    | Acquired Trog's third power
  5886 | Sewer    | Reached skill level 5 in Short Blades
  6302 | D:6      | Reached skill level 5 in Fighting
  6460 | D:6      | Reached XP level 9. HP: 54/54 MP: 9/9
  7255 | D:7      | Found a sparkling altar of Nemelex Xobeh.
  7256 | D:7      | Found a bloodstained altar of Trog.
  7256 | D:7      | Found a glowing golden altar of the Shining One.
  7257 | D:7      | Found a basalt altar of Yredelemnul.
  7259 | D:7      | Found a blossoming altar of Fedhas.
  7261 | D:7      | Found a white marble altar of Elyvilon.
  7766 | D:8      | Got a faintly humming robe
  7777 | D:8      | Identified the +1 robe of Honour {+Blink Dex+3} (You found it on level 8 of the Dungeon)
  7909 | D:8      | Noticed Psyche
  7911 | D:8      | Killed Psyche
  8408 | D:8      | Reached XP level 10. HP: 20/64 MP: 10/10
  8887 | D:8      | Noticed Prince Ribbit
  8889 | D:8      | Killed Prince Ribbit
  8889 | D:8      | Reached skill level 10 in Short Blades
  9447 | D:9      | Received a gift from Trog
 10191 | D:9      | Found Hasm's Gadget Shoppe.
 10433 | D:10     | Entered Level 10 of the Dungeon
 10492 | D:10     | Reached skill level 10 in Fighting
 11005 | D:10     | Found a staircase to the Lair.
 11045 | D:10     | Noticed a gargoyle
 11764 | D:10     | Killed a gargoyle
 11764 | D:10     | Reached XP level 11. HP: 73/73 MP: 11/11
 12280 | D:11     | Mangled by a black mamba

Vault maps used:
D:1:      evilmike_arrival_plus, roderic_lattice_a, st_stairs_1, nemelex_deck
D:2:      kiku_gazebo_pond_becter, nicolae_ru_path_of_blood, uniq_terence
D:3:      zin_statuary, hex_medium, minmay_gold_behind_fungi, uniq_robin
D:4:      first_bread
D:5:      minmay_temple_entry_overgrown
D:6:      ashenzari_altar_1, nicolae_overflow_crystal_walls,
          lightli_sewer_entry_pipes
D:7:      lemuel_ice_spiral_2, minitemple, grunt_decor_mini_mirrors
D:8:      lemuel_ratsnest, uniq_prince_ribbit1, uniq_psyche
D:9:      serial_shops, nicolae_shop_competitors_out_of_business
D:10:     lair_0_dummy, serial_bayou, serial_bayou_lagoon_a,
          serial_bayou_pond_d, serial_bayou_shore_b, serial_bayou_lagoon_b
D:11:     enter_bailey_8, hangedman_ranch, hangedman_parallel_progression
Sewer:    sewer_frog_island_02

Action                   |  1- 3 |  4- 6 |  7- 9 | 10-12 || total
-------------------------+-------+-------+-------+-------++-------
Melee: Short sword       |    89 |   180 |   567 |       ||   836
       Rapier            |       |       |   175 |   335 ||   510
       Dagger            |       |       |       |    28 ||    28
 Fire: Blowgun           |       |     3 |     3 |       ||     6
Invok: Berserk           |     3 |     4 |    14 |    11 ||    32
       Trog's Hand       |       |     2 |     7 |    13 ||    22
       Burn Spellbooks   |       |       |       |     2 ||     2
       Brothers in Arms  |       |       |       |     1 ||     1
Evoke: Wand              |       |       |     2 |       ||     2
  Use: Potion            |       |       |       |     3 ||     3
 Stab: Sleeping          |     2 |     8 |    40 |    28 ||    78
       Distracted        |       |     2 |     4 |     1 ||     7
  Eat: Chunk             |    11 |    10 |    34 |    24 ||    79
